 Dungeon Crawl Stone Soup version 0.23.2-33-g5129a83184 (webtiles) character file.

Game seed: 3214030208301729983

95 Felnil the Covered (level 4, -7/35 HPs)
             Began as a Mummy Fighter on Aug 8, 2019.
             Killed from afar by an orc wizard (18 damage)
             ... with a puff of flame
             ... on level 3 of the Dungeon.
             The game lasted 00:03:54 (2268 turns).

Felnil the Covered (Mummy Fighter)                  Turns: 2268, Time: 00:03:54

Health: -7/35      AC:  7    Str: 20    XL:     4   Next: 40%
Magic:  4/4        EV:  7    Int:  7    God:
Gold:   31         SH:  0    Dex: 11    Spells: 3/3 levels left

rFire    x . .     SeeInvis .   a - +0 war axe
rCold    + . .     Gourm    .   c - +0 shield
rNeg     + + +     Faith    .   b - +0 scale mail
rPois    ∞         Spirit   .   (no helmet)
rElec    .         Reflect  .   (no cloak)
rCorr    .         Harm     .   (no gloves)
MR       .....                  (no boots)
Stlth    ..........             (no amulet)
HPRegen  0.11/turn              (no ring)
MPRegen  0.09/turn              (no ring)

@: confused
A: no food or potions, fire vulnerability, cold resistance 1, negative energy
resistance 3, torment resistance, unbreathing
a: no special abilities


You were on level 3 of the Dungeon.
You were not hungry.

You visited 1 branch of the dungeon, and saw 3 of its levels.

You collected 31 gold pieces.

Inventory:

Hand Weapons
 a - a +0 war axe (weapon)
Armour
 b - a +0 scale mail (worn)
 c - a +0 shield (worn)
Scrolls
 d - a scroll of teleportation
 e - a scroll of enchant armour {unknown}
 f - a scroll of remove curse {unknown}
 g - a scroll of noise {unknown}


   Skills:
 - Level 3.0 Fighting
 - Level 1.5 Axes
 + Level 4.3 Armour
 - Level 2.4 Shields


You had 3 spell levels left.
You didn't know any spells.
Your spell library was empty.

Dungeon Overview and Level Annotations

Branches:
Dungeon (3/15)

Altars:


Innate Abilities, Weirdness & Mutations

You do not eat or drink.
Your flesh is vulnerable to fire.
You are immune to poison.
Your flesh is cold resistant. (rC+)
You are immune to negative energy. (rN+++)
You are immune to unholy pain and torment.
You can survive without breathing.


Message History

The puff of flame hits you!! The fire burns you terribly!
Ouch! That really hurt!
You are too injured to fight recklessly!
You are too injured to fight recklessly!
You are too injured to fight recklessly!
You are too injured to fight recklessly!
You are too injured to fight recklessly!
You are too injured to fight recklessly!
You closely miss the frilled lizard.
You hit the orc wizard but do no damage.
You block the frilled lizard's attack. The orc wizard casts a spell at you.
You are confused.
The frilled lizard closely misses you. The orc wizard barely misses you.
You miss the frilled lizard. You closely miss the orc wizard.
The frilled lizard bites you but does no damage.
The orc wizard points at you and mumbles some strange words.
The puff of flame hits you!! The fire burns you terribly!
Ouch! That really hurt!
You die...

########
#......#
#######......#
#........^...#
#.####...†...#
........[....#
#....#.......#
####.#@###+###
# #lo......
#g###.### #.#
### #.# # #..
... #.#.# #.#
#.#.# ...
####.#[##
........


You could see an orc wizard, a goblin and a frilled lizard.

Vanquished Creatures
  A gnoll (D:1)
  2 adders
  An ooze (D:1)
  A worm (D:2)
  A dart slug (D:2)
  5 leopard geckos
  An orc (D:3)
  2 bats (D:2)
  3 giant cockroaches
  8 goblins
  5 hobgoblins
  9 kobolds
  A quokka (D:3)
  A ball python (D:2)
  5 frilled lizards
  6 rats
52 creatures vanquished.

Notes
Turn   | Place    | Note
-------+----------+-------------------------------------------
     0 | D:1      | Felnil the Mummy Fighter began the quest for the Orb.
     0 | D:1      | Reached XP level 1. HP: 18/18 MP: 1/1
    37 | D:1      | Reached skill level 3 in Armour
    37 | D:1      | Reached XP level 2. HP: 22/24 MP: 2/2
   444 | D:1      | Reached XP level 3. HP: 12/29 MP: 3/3
  1240 | D:2      | Reached skill level 4 in Armour
  1487 | D:2      | Reached XP level 4. HP: 35/35 MP: 4/4
  2268 | D:3      | Killed from afar by an orc wizard

Skill      XL: |  1  2  3 |
---------------+----------+-----
Armour         | 3 4 |  4.3
Fighting       | |  3.0
Axes           | |  1.5
Shields        | |  2.4

Action                   |  1- 3 |  4- 6 || total
-------------------------+-------+-------++-------
Melee: War axe           |   117 |    79 ||   196
  Use: Scroll            |       |     1 ||     1
Armor: Scale mail        |    54 |    34 ||    88
Dodge: Dodged            |    44 |    38 ||    82
Block: Shield            |    68 |    48 ||   116
